 Dungeon Crawl Stone Soup version 0.17-a0-2122-g03d97ec (webtiles) character file.

846 Pravi the Cleaver (level 7, -1/52 HPs)
             Began as a Demonspawn Berserker on Oct 21, 2015.
             Was a Priest of Trog.
             Slain by a centaur
             ... wielding a +0 dire flail
              (13 damage)
             ... on level 6 of the Dungeon.
             The game lasted 00:07:07 (3094 turns).

Pravi the Cleaver (Demonspawn Berserker)            Turns: 3094, Time: 00:07:08

Health: -1/52      AC: 10    Str: 17    XL:     7   Next: 68%
Magic:  7/7        EV:  5    Int: 10    God:    Trog [***...]
Gold:   213        SH:  0    Dex: 13    Spells: 0 memorised, 6 levels left

rFire  . . .     SeeInvis .     a - +0 hand axe
rCold  . . .     Clarity  +     h - +0 plate armour
rNeg   + . .     SustAt   .     (no shield)
rPois  .         Gourm    .     (helmet restricted)
rElec  .         Spirit   .     (no cloak)
rCorr  .         Warding  .     (no gloves)
rMut   .         Stasis   .     (no boots)
MR     .....                    k - amulet of clarity
Stlth  ..........               (no ring)
                                j - ring of positive energy

@: not resistant to hostile enchantments, extremely unstealthy
A: antennae 1, demonic guardian 1, powered by death 1
a: Berserk, Trog's Hand, Burn Spellbooks, Renounce Religion


You were on level 6 of the Dungeon.
You worshipped Trog.
Trog was most pleased with you.
You were not hungry.

You visited 1 branch of the dungeon, and saw 5 of its levels.

You collected 213 gold pieces.

Inventory:

Hand Weapons
 a - a +0 hand axe (weapon)
Armour
 b - a +0 animal skin
 f - a +0 scale mail
 h - a +0 plate armour (worn)
Jewellery
 j - a ring of positive energy (left hand)
 k - an amulet of clarity (around neck)
Scrolls
 e - 5 scrolls of identify
 n - 3 scrolls of blinking {unknown}
 o - a scroll of magic mapping {unknown}
 q - a scroll of teleportation {unknown}
 v - 3 scrolls of remove curse {unknown}
 w - a scroll of enchant weapon {unknown}
 y - a scroll of recharging {unknown}
Potions
 d - a potion of ambrosia
 g - a potion of agility
 i - a potion of poison {unknown}
 l - 2 potions of curing {unknown}
 p - a potion of lignification {unknown}
 r - a potion of cure mutation {unknown}
 u - 3 potions of heal wounds {unknown}
 x - a potion of mutation {unknown}
Books
 t - a book of the Dragon

   Spells                             Type                      Level
   a - Flame Tongue                   Conjuration/Fire             1
   b - Cause Fear                     Hexes                        4
   c - Bolt of Fire                   Conjuration/Fire             6
   d - Dragon Form                    Transmutation                7
   e - Dragon's Call                  Summoning                    9
   Trog disapproves of the use of such an item.
Comestibles
 c - 3 bread rations
 m - 5 fruits
 s - 2 meat rations
 z - a chunk of flesh


   Skills:
 - Level 3.0 Fighting
 + Level 8.5 Axes
 - Level 1.7 Armour
 - Level 1.7 Dodging


You had 6 spell levels left.
You didn't know any spells.

Dungeon Overview and Level Annotations

Branches:
Dungeon (6/15)
 Temple: D:4-7

Altars:
Makhleb
Qazlal


Innate Abilities, Weirdness & Mutations

You have a pair of small antennae on your head.
A weak demonic guardian rushes to your aid.
You regenerate a little health from kills.


Message History

The centaur hits you with an uncursed dire flail.
You hit the centaur.
The centaur is lightly wounded.
The centaur barely misses you.
You hit the centaur.
The centaur is moderately wounded.
The centaur hits you with an uncursed dire flail.
Your plate armour prevents you from hitting the centaur.
The centaur is moderately wounded.
The centaur hits you with an uncursed dire flail!
* * * LOW HITPOINT WARNING * * *
You are too injured to fight recklessly!
You are too injured to fight recklessly!
You are too injured to fight recklessly!
You are too injured to fight recklessly!
You are too injured to fight recklessly!
Your plate armour prevents you from hitting the centaur.
The centaur is moderately wounded.
The centaur hits you with an uncursed dire flail!
You die...

##...........##....### ..
#............####....####...
#............# ###...(.....
#............# ##(.......
............## ##....#>...
...#........# #(...## ...
..##........# ##(..## ..
##.......# ##....# .
###....## #@...## ####.#
#c5..## ### #...## ....#
....## ....## ##.## ##


You could see a centaur and a friendly quasit.

Vanquished Creatures
  The ghost of vidumec the Firebug, an amateur HuFE (D:3)
  A sky beast (D:5)
  2 ice beasts
  A crimson imp (D:5)
  A hound (D:5)
  3 jellies (D:5)
  An orc priest (D:5)
  An iguana (D:5)
  4 gnolls (D:3)
  12 adders
  A shadow imp (D:5)
  An ooze (D:2)
  5 giant geckos
  4 orcs
  2 ball pythons
  A bat (D:3)
  4 giant cockroaches
  10 goblins
  10 hobgoblins
  7 kobolds
  5 giant newts
  2 jackal zombies
  5 rats
84 creatures vanquished.

Vanquished Creatures (collateral kills)
  A water moccasin skeleton (D:5)
1 creature vanquished.

Grand Total: 85 creatures vanquished

Notes
Turn   | Place    | Note
--------------------------------------------------------------
     0 | D:1      | Pravi the Demonspawn Berserker began the quest for the Orb.
     0 | D:1      | Reached XP level 1. HP: 18/18 MP: 1/1
   116 | D:1      | Gained mutation: You have a pair of small antennae on your head. [demonic ancestry]
   116 | D:1      | Reached XP level 2. HP: 17/24 MP: 2/2
   846 | D:2      | Reached XP level 3. HP: 27/29 MP: 3/3
   867 | D:2      | Reached ** piety under Trog
   881 | D:2      | Reached skill level 4 in Axes
  1026 | D:2      | Reached XP level 4. HP: 21/35 MP: 4/4
  1755 | D:3      | Reached skill level 5 in Axes
  1920 | D:3      | Noticed vidumec's ghost (amateur HuFE)
  1932 | D:3      | Killed vidumec's ghost
  1932 | D:3      | Reached skill level 6 in Axes
  1932 | D:3      | Reached XP level 5. HP: 41/41 MP: 5/5
  2000 | D:3      | Found a stormy altar of Qazlal.
  2034 | D:3      | Gained mutation: You regenerate a little health from kills. [demonic ancestry]
  2034 | D:3      | Reached XP level 6. HP: 21/47 MP: 6/6
  2150 | D:3      | You fall through a shaft for 2 floors!
  2150 | D:5      | Entered Level 5 of the Dungeon
  2344 | D:5      | Reached skill level 7 in Axes
  2576 | D:5      | Gained mutation: A weak demonic guardian rushes to your aid. [demonic ancestry]
  2576 | D:5      | Reached XP level 7. HP: 16/52 MP: 7/7
  2619 | D:5      | Reached *** piety under Trog
  2699 | D:5      | Found a burning altar of Makhleb.
  2743 | D:5      | Reached skill level 8 in Axes
  3094 | D:6      | Slain by a centaur

Vault maps used:
D:1:      saegor_arrival_simple_d, grunt_decor_resistance
D:2:      first_bread, minmay_item_behind_shaft
D:3:      wad_pebble_path, nicolae_qazlal_general_emergency
D:5:      lemuel_crystal_altar, amalloy_card_club
D:6:      elyvilon_altar_4, kennysheep_mini_moat, minivault_25

Action                   |  1- 3 |  4- 6 |  7- 9 || total
-------------------------+-------+-------+-------++-------
Melee: Hand axe          |   155 |   179 |    99 ||   433
Invok: Berserk           |     1 |     5 |     1 ||     7
  Use: Potion            |     2 |       |       ||     2
       Scroll            |       |     1 |       ||     1
 Stab: Distracted        |       |       |     1 ||     1
  Eat: Chunk             |     2 |     4 |     2 ||     8
       Fruit             |       |     2 |       ||     2
       Meat ration       |       |     1 |       ||     1
